 Dungeon Crawl Stone Soup version 0.25-a0-424-g80bd347ae0 (webtiles) character file.

Game seed: 8909755807483790880, levelgen mode: deterministic

1564 zorance the Ogre Mage (level 8, -3/83 HPs)
             Began as an Ogre Wizard on Jan 20, 2020.
             Slain by an orc
             ... wielding a +0 club
              (4 damage)
             ... on level 6 of the Dungeon.
             The game lasted 00:32:05 (10917 turns).

zorance the Ogre Mage (Ogre Wizard)                Turns: 10917, Time: 00:32:06

Health: -3/83      AC:  3    Str: 12      XL:     8   Next: 89%
Magic:  27/27      EV:  9    Int: 21      God:
Gold:   349        SH:  0    Dex:  6 (7)  Spells: 15/21 levels left

rFire    . . .     SeeInvis .   b - +0 spear
rCold    . . .     Gourm    .   (no shield)
rNeg     . . .     Faith    .   o - +0 robe
rPois    .         Spirit   .   q - +0 hat
rElec    .         Reflect  .   l - scarf {repulsion}
rCorr    .         Harm     .   (gloves unavailable)
MR       .....                  (boots unavailable)
Stlth    +.........             (no amulet)
HPRegen  0.23/turn              c - ring of magical power
MPRegen  0.20/turn              (no ring)

@: repel missiles
A: large, unfitting armour, tough skin 1
a: no special abilities


You were on level 6 of the Dungeon.
You were very hungry.

You visited 1 branch of the dungeon, and saw 7 of its levels.

You collected 349 gold pieces.

Inventory:

Hand Weapons
 a - a +4 dagger of venom
 b - a +0 spear (weapon)
Missiles
 d - 145 stones
 f - 23 poisoned darts (quivered)
 g - a throwing net
Armour
 l - a scarf of repulsion (worn)
 o - a +0 robe (worn)
 q - a +0 hat (worn)
Jewellery
 c - a ring of magical power (left hand)
Scrolls
 h - a scroll of enchant weapon {unknown}
 i - a scroll of fear {unknown}
 k - 5 scrolls of remove curse
 s - a scroll of amnesia {unknown}
 u - a scroll of enchant armour {unknown}
 v - 2 scrolls of identify
 w - a scroll of immolation {unknown}
Potions
 j - 3 potions of curing
 m - a potion of haste {unknown}
 n - a potion of magic
 p - a potion of might
 r - a potion of lignification {unknown}
 t - a potion of degeneration {unknown}
Comestibles
 e - 8 rations


   Skills:
 + Level 6.0 Fighting
 * Level 4.1 Polearms
 - Level 1.7 Dodging
 - Level 1.4 Stealth
 - Level 7.0 Spellcasting
 + Level 4.1 Conjurations
 - Level 2.0 Summonings
   Level 0.8 Translocations
 - Level 2.0 Air Magic
 - Level 3.1 Poison Magic


You had 15 spell levels left.
You knew the following spells:

 Your Spells              Type           Power        Failure   Level  Hunger
a - Magic Dart            Conj           ###.         1%          1    None
b - Call Imp              Summ           ###.....     6%          2    None
c - Mephitic Cloud        Conj/Pois/Air  ###.....     8%          3    #......

Your spell library contained the following spells:

 Spells                   Type           Power        Failure   Level  Hunger
 Blink                    Tloc           N/A          10%         2    None
 Conjure Flame            Conj/Fire      ###.....     11%         3    #......
 Slow                     Hex            #.......     13%         2    None


Dungeon Overview and Level Annotations

Branches:
Dungeon (7/15)
 Temple: D:4-7

Altars:
Cheibriados
Makhleb
Okawaru
Uskayaw
Zin
The Shining One

Annotations:
D:3 1 runed translucent door, exclusion: downstairs, Crazy Yiuf
D:4 exclusion: downstairs, Grinder
D:6 exclusion: 2 downstairs
D:7 Harold, Menkaure


Innate Abilities, Weirdness & Mutations

You are too large for most types of armour.
You have tough skin. (AC +1)


Message History

The orc hits you but does no damage. The hound barely misses you.
There is a stone staircase leading up, spattered with blood here.
The orc hits you with a +0 club. The hound bites you.
The ogre hits you with a +0 giant club!!
* * * LOW HITPOINT WARNING * * *
You climb upwards.
Level annotation: exclusion: 2 downstairs
There is a stone staircase leading down here.
Okay, then.
The ogre hits you with a +0 giant club!!
* * * LOW HITPOINT WARNING * * *
The hound barely misses you.
Casting: Magic Dart (safe; 1% risk of failure)
Confirm with . or Enter, or press ? or * to list all spells.
Aiming: Mephitic Cloud (safe; 8% risk of failure)
Press: ? - help, Shift-Dir - straight line, f - ogre
Aim: an ogre, wielding a +0 giant club (lightly wounded)
Okay, then.
The orc hits you with a +0 club.
You die...

..#
#.##...).....######'#'###
..###.##.........# #.#.#
..<##.#####'###..# #.#.#
...##.#####.###..######.#.#
...##.##..).............#'##
...##.##.##.####...........#
'#.##.##.##.....O).........#
.#.##.##.##.####oh.........#
.#.##.##.#### #@###########
.#.##.##.# #.# .#.##.##.#
#.# ##.##.##.# #.# #.##.##.#
#.# #.##.##.# #.#
#.##.##.#######.#
#.##.#........#.#
#.##.########.#.#


You could see an ogre, a hound and an orc.

Vanquished Creatures
  Edmund (D:5)
  3 phantoms
  An ogre (D:6)
  A centaur (D:5)
  A scorpion (D:4)
  3 killer bees (D:6)
  2 crimson imps (D:5)
  A centaur skeleton (D:5)
  An orc wizard (D:4)
  2 iguanas
  5 worker ants
  A killer bee zombie (D:6)
  4 gnolls (D:3)
  4 adders
  An ooze (D:4)
  2 adder skeletons
  A dart slug (D:1)
  2 leopard geckos
  8 orcs
  6 bats
  5 giant cockroaches
  16 goblins
  4 hobgoblins
  18 jackals
  3 quokkas
  3 frilled lizards
  A jackal zombie (D:6)
  7 kobolds
  A leopard gecko skeleton (D:5)
  A quokka skeleton (D:6)
  6 rats
115 creatures vanquished.

Vanquished Creatures (collateral kills)
  Prince Ribbit (D:7)
  An orc warrior (D:6)
  A centaur (D:6)
  A howler monkey (D:5)
  A crimson imp (D:5)
  A bullfrog zombie (D:6)
  A quasit (D:6)
  A centaur skeleton (D:4)
  2 hounds (D:4)
  An orc priest (D:6)
  2 orc wizards (D:6)
  3 worker ants (D:5)
  Robin (D:3)
  An adder (D:5)
  3 worms
  A hobgoblin (D:3)
  4 jackals
  A frilled lizard (D:4)
27 creatures vanquished.

Grand Total: 142 creatures vanquished

Notes
Turn   | Place    | Note
-------+----------+-------------------------------------------
     0 | D:1      | zorance the Ogre Wizard began the quest for the Orb.
     0 | D:1      | Reached XP level 1. HP: 16/16 MP: 5/5
    56 | D:1      | Reached skill level 1 in Conjurations
   225 | D:1      | Reached XP level 2. HP: 21/24 MP: 1/6
   262 | D:1      | Learned a level 2 spell: Call Imp
   414 | D:1      | Reached skill level 1 in Summonings
   917 | D:2      | Reached skill level 4 in Spellcasting
   917 | D:2      | Reached XP level 3. HP: 31/31 MP: 1/8
   922 | D:2      | Learned a level 3 spell: Mephitic Cloud
  1018 | D:2      | Found a glowing golden altar of the Shining One.
  1820 | D:2      | Found a burning altar of Makhleb.
  1872 | D:2      | Found an iron altar of Okawaru.
  2055 | D:3      | Reached XP level 4. HP: 39/39 MP: 3/10
  2182 | D:3      | Noticed a +0 dagger
  2183 | D:3      | Found a hide-covered altar of Uskayaw.
  2183 | D:3      | Noticed a +0 hand axe
  2185 | D:3      | Noticed Robin
  2917 | D:3      | Reached skill level 1 in Air Magic
  2917 | D:3      | Reached skill level 1 in Poison Magic
  3070 | D:3      | Found a runed translucent door.
  3071 | D:3      | Noticed Crazy Yiuf
  3261 | D:3      | Found a faded altar of an unknown god.
  3368 | D:3      | Killed Robin
  3368 | D:3      | Reached XP level 5. HP: 31/45 MP: 7/11
  3785 | D:3      | Found a hide-covered altar of Uskayaw.
  3857 | D:3      | Found a faded altar of an unknown god.
  4170 | D:4      | Got a jewelled whip
  4281 | D:4      | Identified the +6 whip of Sin {flame, Int+4} (You found it
                  | on level 4 of the Dungeon)
  4485 | D:4      | Noticed a phantom
  4588 | D:4      | Killed a phantom
  4588 | D:4      | Reached XP level 6. HP: 31/53 MP: 12/12
  4880 | D:4      | Reached skill level 1 in Fighting
  5449 | D:4      | Noticed Grinder
  5964 | D:5      | Entered Level 5 of the Dungeon
  6233 | D:5      | Reached skill level 5 in Spellcasting
  6233 | D:5      | Reached XP level 7. HP: 54/63 MP: 14/14
  6426 | D:5      | Found a glowing silver altar of Zin.
  6426 | D:5      | Found a snail-covered altar of Cheibriados.
  7134 | D:5      | Noticed Edmund
  7211 | D:5      | Killed Edmund
  7211 | D:5      | Reached skill level 1 in Polearms
  7383 | D:5      | Reached XP level 8. HP: 78/78 MP: 16/16
  8227 | D:6      | Reached skill level 6 in Spellcasting
  8836 | D:6      | Reached skill level 5 in Fighting
 10274 | D:7      | Noticed Prince Ribbit
 10287 | D:7      | Killed Prince Ribbit
 10287 | D:7      | Reached skill level 7 in Spellcasting
 10524 | D:7      | Noticed Harold
 10526 | D:7      | Noticed Menkaure
 10916 | D:6      | HP: 1/83 [ogre/+0 giant club (24)]
 10917 | D:6      | Slain by an orc

Levels and vault maps discovered:
D:1:      matt_arrival_refuge, layout_basic
D:2:      layout_rooms, lemuel_crystal_altar, nicolae_tso_carved_into_rock,
          okawaru_metal_pillars_1_2
D:3:      layout_loops_ring, dancing_weapons_uskayaw,
          chequers_ecumenical_altar_simple_redux, uniq_crazy_yiuf_cottage,
          uniq_robin
D:4:      layout_layer_cave, uniq_grinder
D:5:      layout_loops_cross, chequers_temple_overflow_statue_of_worship,
          first_ration, uniq_edmund
D:6:      layout_basic
D:7:      layout_basic, doesnt_xom_only_xom, temple_statues, uniq_menkaure,
          uniq_prince_ribbit1, uniq_harold

Skill      XL: |  1  2  3  4  5  6  7  8 |
---------------+-------------------------+-----
Conjurations   | 1 2 3 4 |  4.1
Summonings     | 1 2 |  2.0
Spellcasting   | 4 5 7 |  7.0
Air Magic      | 1 2 |  2.0
Poison Magic   | 1 2 3 |  3.1
Fighting       | 1 3 6 |  6.0
Polearms       | 1 4 |  4.1
Dodging        | |  1.7
Stealth        | |  1.4
Translocations | |  0.8

Action                   |  1- 3 |  4- 6 |  7- 9 || total
-------------------------+-------+-------+-------++-------
Melee: Dagger            |    13 |    54 |       ||    67
       Unarmed           |     2 |       |       ||     2
       Spear             |       |    24 |    87 ||   111
Throw: Dart              |       |       |    32 ||    32
       Stone             |       |       |     2 ||     2
 Cast: Magic Dart        |    87 |    99 |   113 ||   299
       Call Imp          |     4 |    35 |    53 ||    92
       Mephitic Cloud    |       |    10 |    19 ||    29
  Use: Scroll            |       |     3 |     2 ||     5
 Stab: Distracted        |       |     1 |     1 ||     2
  Eat: Chunk             |     3 |    11 |     6 ||    20
       Ration            |       |     1 |     2 ||     3
Armor: Robe              |     4 |    25 |    32 ||    61
Dodge: Dodged            |    12 |    58 |    69 ||   139
       Deflected         |       |     3 |     8 ||    11

Table legend:
 A = Non-vault XP
 B = Vault XP
 C = Vault XP percentage of total XP
 D = Non-vault monster count
 E = Vault monster count
 F = Vault count percentage of total count
                 A         B        C        D         E       F
            +---------+---------+-------+---------+---------+-------
      Total |    1894 |     341 |  15.3 |     128 |      14 |   9.9
            +---------+---------+-------+---------+---------+-------
        D:1 |      28 |       0 |   0.0 |      17 |       0 |   0.0
        D:2 |      52 |       2 |   3.7 |      16 |       1 |   5.9
        D:3 |      60 |      28 |  31.8 |      14 |      11 |  44.0
        D:4 |     350 |       0 |   0.0 |      27 |       0 |   0.0
        D:5 |     664 |     159 |  19.3 |      25 |       1 |   3.8
        D:6 |     740 |       0 |   0.0 |      29 |       0 |   0.0
        D:7 |       0 |     152 | 100.0 |       0 |       1 | 100.0
            +---------+---------+-------+---------+---------+-------
